 Dungeon Crawl Stone Soup version 0.20.1-1-g8b1a95d (webtiles) character file.

30 raph the Chiller (level 3, 0/27 HPs)
             Began as a Draconian Ice Elementalist on Nov 12, 2017.
             Slain by a kobold
             ... wielding a +0 short sword
              (5 damage)
             ... on level 2 of the Dungeon.
             The game lasted 00:02:45 (1248 turns).

raph the Chiller (Draconian Ice Elementalist)       Turns: 1248, Time: 00:02:46

Health: 0/27       AC:  5    Str: 10    XL:     3   Next: 5%
Magic:  0/6        EV: 12    Int: 16    God:
Gold:   62         SH:  0    Dex: 11    Spells: 3/6 levels left

rFire    . . .     SeeInvis .   f - +0 dagger
rCold    . . .     Gourm    .   (no shield)
rNeg     . . .     Faith    .   (armour unavailable)
rPois    .         Spirit   .   (helmet restricted)
rElec    .         Reflect  .   (no cloak)
rCorr    .         Harm     .   (no gloves)
MR       .....                  (no boots)
Stlth    ++........             (no amulet)
Regen    0.1/turn               (no ring)
MPRegen  0.1/turn               (no ring)

@: very slightly contaminated
A: unfitting armour, cold-blooded, AC +5
a: no special abilities


You were on level 2 of the Dungeon.
You were near starving.

You visited 1 branch of the dungeon, and saw 2 of its levels.

You collected 62 gold pieces.

Inventory:

Hand Weapons
 c - a +0 falchion
 f - a +0 dagger (weapon)
Scrolls
 d - 3 scrolls of identify {unknown}
 i - a scroll of enchant armour {unknown}
Potions
 e - 2 potions of haste {unknown}
 g - 2 potions of curing {unknown}
 h - a potion of magic {unknown}
Books
 a - a book of Frost

   Spells                             Type                      Level
   a - Freeze                         Ice                          1
   b - Throw Frost                    Conjuration/Ice              2
   c - Ozocubu's Armour               Charms/Ice                   3
   d - Throw Icicle                   Conjuration/Ice              4
   e - Summon Ice Beast               Ice/Summoning                4
Comestibles
 b - a bread ration


   Skills:
 + Level 0.7 Fighting
 + Level 2.1 Dodging
 + Level 2.2 Stealth
 + Level 2.2 Spellcasting
 - Level 1.0 Conjurations
 * Level 3.3 Ice Magic


You had 3 spell levels left.
You knew the following spells:

 Your Spells              Type           Power        Failure   Level  Hunger
a - Freeze                Ice            ##..         4%          1    #......
b - Throw Frost           Conj/Ice       #.....       12%         2    ###....


Dungeon Overview and Level Annotations

Branches:
Dungeon (2/15)

Altars:


Innate Abilities, Weirdness & Mutations

Your plain brown scales are hard. (AC +5)
You cannot fit into any form of body armour.
You are cold-blooded and may be slowed by cold attacks.


Message History

You freeze the bat.
You kill the bat!
The goblin misses you. x2; The leopard gecko bites you.
* * * LOW HITPOINT WARNING * * *
Casting: Freeze
Confirm with . or Enter, or press ? or * to list all spells.
Aiming: Freeze
Press: ? - help, Shift-Dir - straight line, f - goblin
Aim: a goblin You freeze the goblin.
The goblin is heavily wounded.
The kobold hits you with a short sword.
* * * LOW HITPOINT WARNING * * *
The goblin barely misses you.
The leopard gecko bites you but does no damage.
The goblin closely misses you.
You barely miss the goblin.
The goblin is heavily wounded.
The kobold hits you with a short sword.
You die...

#.#
####.###.# .
. .... #.#
..#..# #.#
#......# #.#
#....... #.#
# ......##.##
..........[#
......##.K###
.........g@g#
##...##..##l#
.........g.g#
###...#.#g###
#......l...#
#.....#))..#
#.....######
#..... #....#


You could see a leopard gecko, a hobgoblin, 2 goblins and a kobold.

Vanquished Creatures
  An ooze (D:1)
  A dart slug (D:1)
  9 bats
  2 giant cockroaches (D:1)
  3 hobgoblins
  4 goblins
  A kobold (D:1)
  2 rats (D:1)
  A toadstool (D:1)
24 creatures vanquished.

Vanquished Creatures (others)
  3 toadstools (D:1)
3 creatures vanquished.

Grand Total: 27 creatures vanquished

Notes
Turn   | Place    | Note
-------+----------+-------------------------------------------
     0 | D:1      | raph the Draconian Ice Elementalist began the quest for the Orb.
     0 | D:1      | Reached XP level 1. HP: 14/14 MP: 3/3
   321 | D:1      | Reached XP level 2. HP: 20/20 MP: 1/5
   368 | D:1      | Learned a level 2 spell: Throw Frost
  1242 | D:2      | Reached XP level 3. HP: 10/27 MP: 2/6
  1248 | D:2      | Slain by a kobold

Skill      XL: |  1  2 |
---------------+-------+-----
Dodging        | 2 |  2.1
Stealth        | 2 |  2.2
Fighting       | |  0.7
Spellcasting   | |  2.2
Conjurations   | |  1.0
Ice Magic      | |  3.3

Action                   || total
-------------------------++-------
Melee: Unarmed           ||     8
       Tailslap          ||     3
       Dagger            ||    14
 Cast: Freeze            ||    33
       Throw Frost       ||     2
Armor: Skin              ||    20
Dodge: Dodged            ||    45
